 Dungeon Crawl Stone Soup version 0.27-a0-1188-g73eefd5def (console) character file.

Game seed: 9733150789309803269

13 jejorda2 the Poker (level 2, 0/24 HPs)
             Began as a Merfolk Berserker on May 21, 2021.
             Was a Follower of Trog.
             Slain by a kobold
             ... wielding a +0 dagger
              (2 damage)
             ... on level 1 of the Dungeon.
             The game lasted 00:00:53 (229 turns).

jejorda2 the Poker (Merfolk Berserker)               Turns: 229, Time: 00:00:54

Health: 0/24       AC:  2    Str: 17    XL:     2   Next: 37%
Magic:  2/2        EV: 12    Int:  6    God:    Trog [*.....]
Gold:   0          SH:  0    Dex: 13    Spells: 1/1 levels left

rFire    . . .     SeeInvis .   a - +0 spear
rCold    . . .     Faith    .   (no shield)
rNeg     . . .     Spirit   .   b - +0 animal skin
rPois    .         Reflect  .   (no helmet)
rElec    .         Harm     .   (no cloak)
rCorr    .         Rampage  .   (no gloves)
Will     .....                  (no boots)
Stlth    +.........             (no amulet)
HPRegen  0.08/turn              (no ring)
MPRegen  0.08/turn              (no ring)

@: no status effects
A: (nimble swimmer 2), mertail
a: Renounce Religion, Berserk


You were on level 1 of the Dungeon.
You worshipped Trog.
Trog was aware of your devotion.
You visited 1 branch of the dungeon, and saw 1 of its levels.

Inventory:

Hand Weapons
 a - a +0 spear (weapon)
Armour
 b - a +0 animal skin (worn)
Scrolls
 d - a scroll of identify {unknown}
 e - a scroll of torment {unknown}
Potions
 c - a potion of heal wounds {unknown}


   Skills:
 + Level 3.5 Fighting
 * Level 5.0 Polearms
 + Level 1.6 Armour
 - Level 2.6 Dodging


You had one spell level left.
You didn't know any spells.
Your spell library was empty.

Dungeon Overview and Level Annotations

Branches:
Dungeon (1/15)

Altars:

Shops:
D:1 *


Innate Abilities, Weirdness & Mutations

((You are quick and stealthy near water. (Stealth+, EV+, Speed+++)))
Your lower body shifts to a powerful aquatic tail in water.


Message History

You hit the goblin.
The goblin is severely wounded.
The goblin misses you.
You hit the goblin.
You kill the goblin!
Trog accepts your kill.
Your Polearms skill increases to level 5!
You hit the ball python but do no damage.
The ball python closely misses you. x2
You barely miss the ball python. The ball python bites you.
The ball python barely misses you. The ball python closely misses you.
The ball python completely misses you.
You closely miss the ball python. You hit the ball python.
The ball python is moderately wounded.
The ball python bites you. The ball python grabs you.
The ball python constricts you.
You are too injured to fight recklessly!
You are too injured to fight recklessly!
You are too injured to fight recklessly!
You are too injured to fight recklessly!
You hit the ball python.
You kill the ball python!
Trog accepts your kill.
You hit the kobold but do no damage. The kobold hits you but does no damage.
You hit the kobold but do no damage. The kobold hits you but does no damage.
You completely miss the kobold. The kobold barely misses you.
You barely miss the kobold. You hit the kobold but do no damage.
The kobold hits you with a +0 dagger.
You closely miss the kobold. The kobold closely misses you.
You hit the kobold but do no damage. The kobold barely misses you.
You hit the kobold but do no damage. The kobold closely misses you.
You closely miss the kobold. The kobold hits you with a +0 dagger.
* * * LOW HITPOINT WARNING * * *
You closely miss the kobold. You closely miss the kobold.
The kobold hits you with a +0 dagger.
* * * LOW HITPOINT WARNING * * *
You closely miss the kobold. The kobold hits you but does no damage.
You closely miss the kobold. The kobold hits you with a +0 dagger.
You die...

#........ #.......
#......### .#
#........ ..#
#......# ...
#...)..# #.. #.#
#### # #K# #..# #
#@# #..### #.#
##.##. #.#
#####.....
##.#######.........
#...#......####.###
#...#.#########.###
#...#.# #..##...#
#.....# ##........
#...######...####..


You could see a kobold.

Vanquished Creatures
  A dart slug (D:1)
  An endoplasm (D:1)
  3 goblins (D:1)
  2 hobgoblins (D:1)
  2 ball pythons (D:1)
  A rat (D:1)
10 creatures vanquished.

Notes
Turn   | Place    | Note
-------+----------+-------------------------------------------
     0 | D:1      | jejorda2 the Merfolk Berserker began the quest for the Orb.
     0 | D:1      | Reached XP level 1. HP: 18/18 MP: 1/1
    88 | D:1      | Found Mecej's General Store.
   196 | D:1      | Reached XP level 2. HP: 19/24 MP: 2/2
   212 | D:1      | Reached skill level 5 in Polearms
   229 | D:1      | Slain by a kobold

Illustrated notes

Levels and vault maps discovered:
D:1:      ncdulo_halloftheorcs, layout_rooms, serial_shops, nicolae_shop_stone,
          corexii_corridor_pit, minivault_25, minmay_stone_trees_medium,
          chequers_serial_rivers_room_a

Skill      XL: |  1  2 |
---------------+-------+-----
Polearms       | 5 |  5.0
Fighting       | |  3.5
Armour         | |  1.6
Dodging        | |  2.6

Action                   || total
-------------------------++-------
Melee: Spear             ||    43
Armor: Animal skin       ||     4
Dodge: Dodged            ||    14

Table legend: (Time is in decaauts)
 A = Elapsed time spent in this place.
 B = Non-inter-level travel time spent in this place.
 C = Inter-level travel time spent in this place.
 D = Time resting spent in this place.
 E = Time spent auto-exploring this place.
 F = Levels seen in this place.
 G = Mean time per level.
                   A        B        C        D        E       F      G
               +--------+--------+--------+--------+--------+-----+--------+
         Total |    222 |    222 |      0 |      0 |    161 |   1 |  222.0 |
       Dungeon |    222 |    222 |      0 |      0 |    161 |   1 |  222.0 |
               +--------+--------+--------+--------+--------+-----+--------+

Top non-repeatable levels by time:
     D:1: 222 daAuts
